 Dungeon Crawl Stone Soup version 0.29-a0-397-g846e4a0bbc (webtiles) character file.

Game seed: 16285374980037560530

58 sammy202020 the Skirmisher (level 3, -1/33 HPs)
             Began as a Minotaur Fighter on May 11, 2022.
             Slain by a white imp (3 damage)
             ... summoned by Natasha
             ... on level 2 of the Dungeon.
             The game lasted 00:02:11 (1891 turns).

sammy202020 the Skirmisher (Minotaur Fighter)       Turns: 1891, Time: 00:02:13

Health: -1/33      AC:  8    Str: 20    XL:     3   Next: 75%
Magic:  2/2        EV:  8    Int:  7    God:
Gold:   45         SH:  8    Dex:  9    Spells: 2/2 levels left

rFire   . . .      SeeInvis .   a - +0 war axe
rCold   . . .      Faith    .   l - +0 kite shield
rNeg    . . .      Spirit   .   b - +0 scale mail
rPois   .          Reflect  .   (helmet restricted)
rElec   .          Harm     .   k - +0 cloak
rCorr   .          Rampage  .   (no gloves)
Will    .....                   (no boots)
Stlth   ..........              (no amulet)
HPRegen 0.11/turn               (no ring)
MPRegen 0.08/turn               (no ring)

@: no status effects
A: horns 2, retaliatory headbutt
a: no special abilities


You were on level 2 of the Dungeon.
You visited 1 branch of the dungeon, and saw 2 of its levels.

You collected 45 gold pieces.

Inventory:

Hand Weapons
 a - a +0 war axe (weapon)
Missiles
 c - 3 boomerangs (quivered)
Armour
 b - a +0 scale mail (worn)
 k - a +0 cloak (worn)
 l - a +0 kite shield (worn)
Jewellery
 m - a ring of wizardry
Scrolls
 e - a scroll of identify {unknown}
 h - a scroll of vulnerability {unknown}
Potions
 f - a potion of attraction {unknown}
 g - 2 potions of invisibility {unknown}
 i - 2 potions of curing {unknown}
 j - a potion of lignification {unknown}
 o - 2 potions of resistance {unknown}


   Skills:
 * Level 4.2 Fighting
 * Level 3.4 Axes
 + Level 4.0 Armour
 + Level 1.3 Dodging
 + Level 3.9 Shields


You had 2 spell levels left.
You didn't know any spells.
Your spell library was empty.

Dungeon Overview and Level Annotations

Branches:
Dungeon (2/15)

Altars:

Annotations:
D:2 Natasha


Innate Abilities, Weirdness & Mutations

You have a pair of horns on your head.
You reflexively headbutt those who attack you in melee.


Message History

You block the puff of frost. Natasha claws you but does no damage.
The white imp hits you but does no damage.
Natasha closely misses you.
You closely miss Natasha.
Natasha is severely wounded.
You hit the white imp. The white imp gestures at you.
The puff of frost hits you! Natasha claws you.
The white imp hits you but does no damage.
You closely miss Natasha. Your headbutt misses Natasha.
Natasha is severely wounded.
You barely miss the white imp. Natasha barely misses you.
The white imp gestures at you. The puff of frost hits you.
Natasha mewls in sadness.
Natasha claws you.
You barely miss Natasha. You headbutt Natasha.
Natasha is almost dead.
You barely miss the white imp. You block the white imp's attack.
Natasha barely misses you.
The white imp hits you but does no damage.
Okay, then.
You completely miss Natasha.
Natasha is almost dead.
You closely miss the white imp. Natasha claws you!
* * * LOW HITPOINT WARNING * * *
The white imp closely misses you.
Natasha drinks a potion.
Natasha is healed!
You closely miss Natasha. You headbutt Natasha.
Natasha is lightly wounded.
You closely miss the white imp.
The white imp hits you but does no damage.
Natasha casts a spell.
You block the white imp's attack.
You slash Natasha!
Natasha is almost dead.
You closely miss the white imp. You block Natasha's attack.
The white imp hits you.
* * * LOW HITPOINT WARNING * * *
The white imp freezes you.
You die...

............)........#
.######.............)#
## #.......########
#.......###
#.........##
#..........##
#...........#
#...........#
#......>..@.#
###.......h5#
#.........#
#.....5...#
#.........# .........#
........?# .........#


You could see an iron imp (summoned), Natasha and a white imp (summoned).

Vanquished Creatures
  2 adders (D:2)
  A worm (D:2)
  An orc (D:2)
  7 bats
  4 endoplasms
  4 goblins
  4 hobgoblins
  2 ball pythons
  2 frilled lizards
  3 kobolds
  7 rats
37 creatures vanquished.

Notes
Turn   | Place    | Note
-------+----------+-------------------------------------------
     0 | D:1      | sammy202020 the Minotaur Fighter began the quest for the
                  | Orb.
     0 | D:1      | Reached XP level 1. HP: 19/19 MP: 0/0
   495 | D:1      | Reached XP level 2. HP: 27/27 MP: 1/1
  1356 | D:2      | Reached skill level 1 in Dodging
  1464 | D:2      | Reached XP level 3. HP: 33/33 MP: 2/2
  1879 | D:2      | Noticed Natasha
  1891 | D:2      | Slain by a white imp

Illustrated notes

Levels and vault maps discovered:
D:1:      nagdon_arrival_double_spiral, layout_loops_corners
D:2:      layout_rooms, hellmonk_ecumenical_altar_inner_sanctum,
          lexackson_kobold_supper, uniq_natasha

Skill      XL: |  1  2  3 |
---------------+----------+-----
Fighting       | 4 |  4.2
Axes           | 3 |  3.4
Dodging        | 1 |  1.3
Armour         | 4 |  4.0
Shields        | |  3.9

Action                   || total
-------------------------++-------
Melee: War axe           ||    95
       Headbutt          ||    10
  Use: Potion            ||     1
Armor: Scale mail        ||    54
Dodge: Dodged            ||    54
Block: Buckler           ||    16
       Kite shield       ||    16

Table legend: (Time is in decaauts)
 A = Elapsed time spent in this place.
 B = Non-inter-level travel time spent in this place.
 C = Inter-level travel time spent in this place.
 D = Time resting spent in this place.
 E = Time spent auto-exploring this place.
 F = Levels seen in this place.
 G = Mean time per level.
                   A        B        C        D        E       F      G
               +--------+--------+--------+--------+--------+-----+--------+
         Total |   1932 |   1911 |     21 |    238 |   1266 |   2 |  966.0 |
       Dungeon |   1932 |   1911 |     21 |    238 |   1266 |   2 |  966.0 |
               +--------+--------+--------+--------+--------+-----+--------+

Top non-repeatable levels by time:
     D:1: 1352 daAuts
     D:2: 579 daAuts
